AoeStats
← ShogunPilo

Black Forest

509707616Analyzed
2v2 RM · 3d ago on Sep 27, 2026· 66m 32s· 4 players
Game mode
Random Map
Map size
Medium (4 player)
Population
200
Speed
Normal
Resources
Standard
Victory
Conquest
Starting age
Dark Age
Ending age
Imperial Age
RankedLock teamsTeams togetherTeam positionsShared explorationLock speedFull tech treeHidden civsTurbo modeCheats
Victory
Defeat
🇹🇷 Saracens · Türkiye
980
+14
🇹🇷 Spanish · Türkiye
962
+15
🇦🇷 Goths · Argentina
976
-15
🇦🇷 Italians · Argentina
914
-14
ShogunPilo
1:40 Loom
14:53 Feudal Age
19:04 Castle Age
18:31 Double-Bit Axe
24:01 Imperial Age
23:24 Forging
25:13 Onager
28:56 Iron Casting
30:01 Scale Mail Armor
32:57 Horse Collar
35:02 Wheelbarrow
37:25 Chain Mail Armor
38:02 Squires
40:03 Blast Furnace
41:55 Fletching
42:34 Bodkin Arrow
46:28 Pikeman
51:22 Padded Archer Armor
51:05 Halberdier
53:34 Hand Cart
58:22 Conscription
58:29 Heavy Plow
59:31 Perfusion
63:38 Town Watch
64:31 Anarchy
SonLuffy6398
5:54 Loom
11:26 Feudal Age
12:14 Double-Bit Axe
16:56 Fletching
19:00 Horse Collar
21:45 Castle Age
20:11 Gold Mining
20:09 Horse Collar
21:56 Stone Mining
21:58 Gold Mining
23:45 Bodkin Arrow
26:43 Silk Road
29:02 Padded Archer Armor
30:29 Leather Archer Armor
30:54 Heavy Plow
31:06 Bow Saw
31:34 Stone Shaft Mining
31:04 Caravan
31:39 Murder Holes
32:05 Ballistics
31:27 Treadmill Crane
33:42 Fortified Wall
36:12 Imperial Age
35:01 Masonry
35:44 Wheelbarrow
34:59 Town Watch
36:17 Elite Genoese Crossbowman
37:32 Conscription
38:52 Bracer
39:23 Ring Archer Armor
42:01 Chemistry
41:32 Architecture
41:20 Hand Cart
41:06 Town Patrol
43:04 Hoardings
43:37 Pikeman
44:22 Squires
44:07 Arson
58:22 Forging
58:18 Scale Barding Armor
58:16 Scale Mail Armor
60:09 Iron Casting
59:58 Chain Mail Armor
62:12 Blast Furnace
64:48 Thumb Ring
Manwë
13:09 Feudal Age
17:48 Castle Age
15:48 Double-Bit Axe
19:08 Stone Mining
19:05 Horse Collar
22:44 Wheelbarrow
23:09 Bow Saw
25:11 Hand Cart
30:26 Imperial Age
27:55 Loom
28:49 Forging
32:27 Scale Barding Armor
33:23 Conscription
34:20 Two-Man Saw
33:29 Gold Mining
36:12 Bloodlines
36:18 Elite Mameluke
38:15 Iron Casting
39:30 Ballistics
40:08 Chain Barding Armor
43:13 Caravan
44:22 Plate Barding Armor
44:20 Husbandry
51:42 Blast Furnace
50:33 Fletching
55:22 Chemistry
BananaPortControl
11:10 Feudal Age
13:34 Double-Bit Axe
18:01 Castle Age
20:16 Horse Collar
26:17 Heavy Plow
26:42 Bow Saw
31:17 Imperial Age
28:57 Gold Mining
28:57 Stone Mining
29:55 Wheelbarrow
30:49 Forging
30:40 Scale Mail Armor
30:27 Elite Skirmisher
34:04 Iron Casting
33:44 Chain Mail Armor
33:35 Scale Barding Armor
32:58 Elite Conquistador
34:12 Bloodlines
34:02 Husbandry
33:23 Cavalier
33:58 Light Cavalry
35:08 Ballistics
34:55 Hussar
35:52 Hand Cart
37:07 Blast Furnace
36:37 Plate Mail Armor
38:37 Chemistry
37:40 Pikeman
38:21 Squires
37:54 Paladin
40:22 Plate Mail Armor
40:12 Chain Barding Armor
47:11 Plate Barding Armor
56:58 Fletching
57:09 Padded Archer Armor
62:03 Bodkin Arrow
62:23 Leather Archer Armor
Connection lost

Rejoining the realm…

Still unreachable

The connection could not be restored.

Session expired

The server has moved on; the page needs a fresh start.